 Dungeon Crawl Stone Soup version 0.29.1-15-g9cfb28693d (console) character file.

Game seed: 1758844172285827957

1 sentinel the Digger (level 1, 6/14 HPs)
             Began as a Meteoran Earth Elementalist on Aug 16, 2023.
             Quit the game on level 1 of the Dungeon.
             The game lasted 00:00:04 (40 turns).

sentinel the Digger (Meteoran Earth Elementalist)     Turns: 40, Time: 00:00:05

Health: 6/14       AC:  2    Str:  9    XL:     1   Next: 28%
Magic:  0/5        EV: 12    Int: 16    God:
Gold:   0          SH:  0    Dex: 14    Spells: 4/5 levels left

rFire   . . .      SeeInvis .   (no weapon)
rCold   . . .      Faith    .   (no shield)
rNeg    . . .      Spirit   .   a - +0 robe
rPois   .          Reflect  .   (no helmet)
rElec   .          Harm     .   (no cloak)
rCorr   .          Rampage  .   (no gloves)
Will    .....                   (no boots)
Stlth   +.........              (no amulet)
HPRegen 0.04/turn               (no ring)
MPRegen 0.09/turn               (no ring)

@: glowing
A: sense surroundings 1, otherworldly, glowing, explore regen
a: no special abilities


You were on level 1 of the Dungeon.
You visited 1 branch of the dungeon, and saw 1 of its levels.

Inventory:

Armour
 a - a +0 robe (worn)
Potions
 b - a potion of magic


   Skills:
 - Level 2.4 Dodging
 - Level 1.4 Stealth
 - Level 2.6 Spellcasting
 - Level 1.2 Transmutations
 + Level 3.7 Earth Magic


You had 4 spell levels left.
You knew the following spells:

 Your Spells              Type           Power      Damage    Failure   Level
a - Sandblast             Erth           28%        2d8       4%          1

Your spell library contained the following spells:

 Spells                   Type           Power      Damage    Failure   Level
 Passwall                 Tmut/Erth      8%         N/A       11%         2
 Stone Arrow              Conj/Erth      16%        3d8       26%         3
 Petrify                  Tmut/Erth      10%        N/A       56%         4


Dungeon Overview and Level Annotations

Branches:
Dungeon (1/15) Zot: 557

Altars:


Innate Abilities, Weirdness & Mutations

You passively map a small area around you.
You are easily found by Zot.
You glow in the dark.
You regain HP and MP as you explore.


Message History

The naga shouts!
The human shouts!
The ogre shouts!
The felid hisses angrily.
You open the door.
There is an open door here.
A goblin comes into view. It is wielding a +0 dagger.
Unknown command.
But you're not safe!
Unknown command.
But you're not safe!
Unknown command.
But you're not safe!
Unknown command.
But you're not safe!
Unknown command.
The goblin shouts!
The blast of sand misses the goblin.
A kobold comes into view. It is wielding a +0 short sword.
The blast of sand misses the goblin.
The kobold shouts!
The goblin hits you with a +0 dagger.
Unknown command.
The blast of sand misses the goblin.
The goblin hits you with a +0 dagger.
Unknown command.
The blast of sand hits the goblin!
You kill the goblin!
The kobold hits you but does no damage.
Unknown command.
The blast of sand hits the kobold.
The kobold is moderately wounded.
The kobold hits you but does no damage.
Unknown command.
You hit the kobold.
The kobold is severely wounded.
The kobold hits you with a +0 short sword.
You are too injured to fight recklessly!
You are too injured to fight recklessly!
Unknown command.
You are too injured to fight recklessly!
Unknown command.
You are too injured to fight recklessly!
Unknown command.
You are too injured to fight recklessly!
Unknown command.
You are too injured to fight recklessly!
You are too injured to fight recklessly!
You are too injured to fight recklessly!
Unknown command.
You are too injured to fight recklessly!
Unknown command.
You are too injured to fight recklessly!
Unknown command.
You are too injured to fight recklessly!
Unknown command.
But you're not safe!
Unknown command.
But you're not safe!
Unknown command.
But you're not safe!
Unknown command.
But you're not safe!
Unknown command.
But you're not safe!
Unknown command.
You are too injured to fight recklessly!
You are too injured to fight recklessly!
You are too injured to fight recklessly!
Unknown command.
You are too injured to fight recklessly!
Unknown command.
You are too injured to fight recklessly!
Unknown command.
You are too injured to fight recklessly!
Unknown command.
You are too injured to fight recklessly!
You are too injured to fight recklessly!
You are too injured to fight recklessly!
Unknown command.
You are too injured to fight recklessly!
Unknown command.
You are too injured to fight recklessly!
Unknown command.
You are too injured to fight recklessly!
Unknown command.
You are too injured to fight recklessly!
You are too injured to fight recklessly!
You are too injured to fight recklessly!
Unknown command.
You are too injured to fight recklessly!
Unknown command.
You are too injured to fight recklessly!
Unknown command.
You are too injured to fight recklessly!
Unknown command.
But you're not safe!
Unknown command.
But you're not safe!
Unknown command.
But you're not safe!
Unknown command.
But you're not safe!
Unknown command.
But you're not safe!
Unknown command.
You are too injured to fight recklessly!
You are too injured to fight recklessly!
You are too injured to fight recklessly!
Unknown command.
You are too injured to fight recklessly!
Unknown command.
You are too injured to fight recklessly!
Unknown command.
You are too injured to fight recklessly!
Unknown command.
You are too injured to fight recklessly!
You are too injured to fight recklessly!
You are too injured to fight recklessly!
Unknown command.
You are too injured to fight recklessly!
Unknown command.
You are too injured to fight recklessly!
Unknown command.
You are too injured to fight recklessly!
Unknown command.
You are too injured to fight recklessly!
You are too injured to fight recklessly!
You are too injured to fight recklessly!
Unknown command.
You are too injured to fight recklessly!
Unknown command.
You are too injured to fight recklessly!
Unknown command.
You are too injured to fight recklessly!
Unknown command.
But you're not safe!
Unknown command.
But you're not safe!
Unknown command.
But you're not safe!
Unknown command.
But you're not safe!
Unknown command.
But you're not safe!
Unknown command.
Unknown command.
Unknown command.
Unknown command.
Unknown command.
Are you sure you want to abandon this character and quit the game? (Confirm with "yes".)

* * , * , *
* * , *
##### *
*#@..# *
#..K.#.# *
*#.####'###
,..,
#h#.#p# *
## ###.###*
* , *
*#K#.#O# ,
, ###.###*
, #p#.#9# ,
, ###.###


You could see a kobold.

Vanquished Creatures
  A goblin (D:1)
1 creature vanquished.

Notes
Turn   | Place    | Note
-------+----------+-------------------------------------------
     0 | D:1      | sentinel the Meteoran Earth Elementalist began the quest
                  | for the Orb.
     0 | D:1      | Reached XP level 1. HP: 14/14 MP: 5/5
     2 | D:1      | Noticed a draconian
     4 | D:1      | Noticed an octopode
     4 | D:1      | Noticed a formicid
     6 | D:1      | Noticed a demigod
     6 | D:1      | Noticed an elf
     8 | D:1      | Noticed a palentonga
     8 | D:1      | Noticed a troll
    10 | D:1      | Noticed a spriggan
    10 | D:1      | Noticed a demonspawn
    12 | D:1      | Noticed a felid
    12 | D:1      | Noticed a tengu
    14 | D:1      | Noticed a vine stalker
    14 | D:1      | Noticed a vampire
    16 | D:1      | Noticed a minotaur
    18 | D:1      | Noticed a ghoul
    18 | D:1      | Noticed a meteoran
    20 | D:1      | Noticed a naga
    22 | D:1      | Noticed a human
    22 | D:1      | Noticed a gargoyle
    24 | D:1      | Noticed an ogre
    26 | D:1      | Noticed a felid
    26 | D:1      | Noticed a demigod
    40 | D:1      | Quit the game

Illustrated notes

Levels and vault maps discovered:
D:1:      kb_arrival_jail, layout_loops_corners, item_on_display_a

Action                   || total
-------------------------++-------
Melee: Unarmed           ||     1
 Cast: Sandblast         ||     5
Armor: Robe              ||     2
